| TOP OF THE 1ST |
|
Boston (APP) Red Sox batting - Pitching for Texas (APP) Rangers : RHP Jaleel Martin
|
|
Pitching: RHP Jaleel Martin
|
|
|
Batting: LHB Stanislav Parusov
|
0-0: Ball 1-0: Called Strike 1-1: Ball 2-1: Ground out 5-3 (Groundball, 56D, EV 79.4 MPH)
|
|
Batting: RHB Matt Hinkle
|
0-0: Called Strike 0-1: SINGLE (Groundball, 6MS, EV 69.4 MPH) (infield hit)
|
|
Batting: RHB Frank Sokolosky
|
0-0: Swinging Strike 0-1: Foul Ball, location: 2F 0-2: Ball Matt Hinkle steals 2nd base 1-2: Strikes out swinging
|
|
Batting: RHB William Lung
|
0-0: Ball 1-0: Foul Ball, location: 2F 1-1: Swinging Strike 1-2: Foul Ball, location: 2F 1-2: Ball 2-2: Foul Ball, location: 2F 2-2: Ball 3-2: Ground out 4-3 (Groundball, 4, EV 86.9 MPH)
|
| Top of the 1st over - 0 runs, 1 hit, 0 errors, 1 left on base; Boston (APP) 0 - Texas (APP) 0 |
| BOTTOM OF THE 1ST |
|
Texas (APP) Rangers batting - Pitching for Boston (APP) Red Sox : RHP Jon Olivo
|
|
Pitching: RHP Jon Olivo
|
|
|
Batting: LHB Walter Vegter
|
0-0: Ground out 6-3 (Groundball, 6M, EV 86.3 MPH)
|
|
Batting: RHB Robby Adair
|
0-0: Swinging Strike 0-1: Foul Ball, location: 2F 0-2: Fly out, F6 (Popup, 56, EV 57.5 MPH)
|
|
Batting: LHB Tomoya Hashimoto
|
0-0: Ball 1-0: Ground out 6-3 (Groundball, 6S, EV 66.9 MPH)
|
| Bottom of the 1st over - 0 runs, 0 hits, 0 errors, 0 left on base; Boston (APP) 0 - Texas (APP) 0 |
| TOP OF THE 2ND |
|
Boston (APP) Red Sox batting - Pitching for Texas (APP) Rangers : RHP Jaleel Martin
|
|
Batting: LHB Frank Olivo
|
0-0: Called Strike 0-1: Swinging Strike 0-2: Ball 1-2: Ground out 6-3 (Groundball, 6, EV 83.8 MPH)
|
|
Batting: RHB John Doucette
|
0-0: Ball 1-0: Called Strike 1-1: Ground out 5-3 (Groundball, 56S, EV 90.6 MPH)
|
|
Batting: RHB Dominique Paolozzi
|
0-0: Ball 1-0: Ball 2-0: Ball 3-0: Called Strike 3-1: Called Strike 3-2: Foul Ball, location: 2F 3-2: Foul Ball, location: 2F 3-2: Strikes out swinging
|
| Top of the 2nd over - 0 runs, 0 hits, 0 errors, 0 left on base; Boston (APP) 0 - Texas (APP) 0 |
| BOTTOM OF THE 2ND |
|
Texas (APP) Rangers batting - Pitching for Boston (APP) Red Sox : RHP Jon Olivo
|
|
Batting: RHB David Redman
|
0-0: Ball 1-0: Ball 2-0: Called Strike 2-1: Swinging Strike 2-2: Ball 3-2: Strikes out looking
|
|
Batting: SHB Mark Paquin
|
0-0: Ball 1-0: Ball 2-0: Foul Ball, location: 2F 2-1: Swinging Strike 2-2: Fly out, F6 (Line Drive, 6, EV 75.0 MPH)
|
|
Batting: RHB Matt Silva
|
0-0: Called Strike 0-1: Ball 1-1: Ball 2-1: Ball 3-1: SINGLE (Groundball, 56D, EV 96.9 MPH)
|
|
Batting: RHB Rafael Tapia
|
0-0: SINGLE (Groundball, 6S, EV 69.4 MPH) (infield hit) Matt Silva to second
|
|
Batting: RHB Alex Lopez
|
0-0: Called Strike 0-1: Swinging Strike 0-2: SINGLE (Groundball, 34D, EV 96.3 MPH) Matt Silva to third Rafael Tapia to second Runner from 3rd tries for Home, SAFE, throw by RF to home
|
|
Batting: RHB Alejandro Luna
|
0-0: Fly out, F7 (Flyball, 7, EV 95.6 MPH)
|
| Bottom of the 2nd over - 1 run, 3 hits, 0 errors, 2 left on base; Boston (APP) 0 - Texas (APP) 1 |
| TOP OF THE 3RD |
|
Boston (APP) Red Sox batting - Pitching for Texas (APP) Rangers : RHP Jaleel Martin
|
|
Batting: RHB Rogelio Cervantes
|
0-0: Ball 1-0: Ball 2-0: Called Strike 2-1: SOLO HOME RUN (Line Drive, 78XD, EV 109.4 MPH), Distance : 420 ft
|
|
Batting: RHB Joe Booth
|
0-0: Ball 1-0: Called Strike 1-1: SINGLE (Line Drive, 8RS, EV 88.8 MPH)
|
|
Batting: LHB Stanislav Parusov
|
0-0: Ball 1-0: Called Strike Joe Booth steals 2nd base (no throw) 1-1: Foul Ball, location: 2F 1-2: Ground out 4-3 (Groundball, 34D, EV 89.4 MPH) Joe Booth to third
|
|
Batting: RHB Matt Hinkle
|
0-0: Ball 1-0: Called Strike 1-1: Ball 2-1: Ball 3-1: Foul Ball, location: 2F 3-2: 2-RUN HOME RUN (Flyball, 7D, EV 97.5 MPH), Distance : 382 ft
|
|
Batting: RHB Frank Sokolosky
|
0-0: Called Strike 0-1: Ball 1-1: Called Strike 1-2: Foul Ball, location: 2F 1-2: Fly out, F7 (Flyball, 78M, EV 93.1 MPH)
|
|
Batting: RHB William Lung
|
0-0: TRIPLE (Flyball, 89XD, EV 91.9 MPH)
|
|
Batting: LHB Frank Olivo
|
0-0: Ball 1-0: Foul Ball, location: 2F 1-1: Foul Ball, location: 2F 1-2: Foul Ball, location: 2F 1-2: Ball 2-2: Ball 3-2: TRIPLE (Flyball, 78XD, EV 91.3 MPH) William Lung scores
|
|
Batting: RHB John Doucette
|
0-0: Called Strike 0-1: Ball 1-1: Swinging Strike Passed Ball! Frank Olivo scores 1-2: SINGLE (Groundball, 56D, EV 98.8 MPH)
|
|
Batting: RHB Dominique Paolozzi
|
0-0: Called Strike 0-1: Ball 1-1: Ball 2-1: Fielders Choice at 2nd, U4 (Groundball, 6MD, EV 105.6 MPH)
|
| Top of the 3rd over - 5 runs, 6 hits, 0 errors, 1 left on base; Boston (APP) 5 - Texas (APP) 1 |
| BOTTOM OF THE 3RD |
|
Texas (APP) Rangers batting - Pitching for Boston (APP) Red Sox : RHP Jon Olivo
|
|
Batting: LHB Walter Vegter
|
0-0: Called Strike 0-1: Ball 1-1: DOUBLE (Groundball, 3L, EV 101.9 MPH)
|
|
Batting: RHB Robby Adair
|
0-0: Ball 1-0: Ground out 6-3 (Groundball, 6, EV 76.9 MPH) Walter Vegter to third
|
|
Batting: LHB Tomoya Hashimoto
|
0-0: Called Strike 0-1: SINGLE (Groundball, 56D, EV 105.6 MPH) Walter Vegter scores
|
|
Batting: RHB David Redman
|
0-0: Ball 1-0: Ball 2-0: Foul Ball, location: 2F 2-1: Foul Ball, location: 2F 2-2: Fly out, F7 (Flyball, 7D, EV 106.9 MPH)
|
|
Batting: SHB Mark Paquin
|
0-0: Ball 1-0: Ball 2-0: Ball 3-0: Called Strike 3-1: Base on Balls Tomoya Hashimoto to second
|
|
Batting: RHB Matt Silva
|
0-0: Called Strike 0-1: Ball 1-1: Called Strike 1-2: Strikes out swinging
|
| Bottom of the 3rd over - 1 run, 2 hits, 0 errors, 2 left on base; Boston (APP) 5 - Texas (APP) 2 |
| TOP OF THE 4TH |
|
Boston (APP) Red Sox batting - Pitching for Texas (APP) Rangers : RHP Jaleel Martin
|
|
Batting: RHB Rogelio Cervantes
|
0-0: Called Strike 0-1: Ball 1-1: Ball 2-1: DOUBLE (Line Drive, 7LS, EV 95.0 MPH)
|
|
Batting: RHB Joe Booth
|
0-0: Foul Ball, location: 2F 0-1: Fly out, F9 (Flyball, 9LM, EV 87.5 MPH) Runner from 2nd tags up, SAFE at 3rd, no throw by RF
|
|
Batting: LHB Stanislav Parusov
|
0-0: Intentional Walk
|
|
Batting: RHB Matt Hinkle
|
0-0: Ball Wild Pitch! Rogelio Cervantes scores Stanislav Parusov to second 1-0: Foul Ball, location: 2F 1-1: Called Strike 1-2: Fly out, F8 (Flyball, 8LXD, EV 96.3 MPH) Runner from 2nd tags up, SAFE at 3rd, no throw by CF
|
|
Batting: RHB Frank Sokolosky
|
0-0: Ball 1-0: Swinging Strike 1-1: Called Strike 1-2: Strikes out swinging
|
| Top of the 4th over - 1 run, 1 hit, 0 errors, 1 left on base; Boston (APP) 6 - Texas (APP) 2 |
| BOTTOM OF THE 4TH |
|
Texas (APP) Rangers batting - Pitching for Boston (APP) Red Sox : RHP Jon Olivo
|
|
Batting: RHB Rafael Tapia
|
0-0: Fly out, F6 (Line Drive, 6, EV 66.9 MPH)
|
|
Batting: RHB Alex Lopez
|
0-0: Called Strike 0-1: Fly out, F9 (Line Drive, 9S, EV 110.0 MPH)
|
|
Batting: RHB Alejandro Luna
|
0-0: Ball 1-0: Ball 2-0: Foul Ball, location: 2F 2-1: Called Strike 2-2: Foul Ball, location: 2F 2-2: Ball 3-2: Fly out, F7 (Flyball, 7, EV 87.5 MPH)
|
| Bottom of the 4th over - 0 runs, 0 hits, 0 errors, 0 left on base; Boston (APP) 6 - Texas (APP) 2 |
| TOP OF THE 5TH |
|
Boston (APP) Red Sox batting - Pitching for Texas (APP) Rangers : RHP Jaleel Martin
|
|
Batting: RHB William Lung
|
0-0: Ground out 4-3 (Groundball, 34, EV 93.1 MPH)
|
|
Batting: LHB Frank Olivo
|
0-0: Called Strike 0-1: Called Strike 0-2: Fly out, F7 (Flyball, 7D, EV 88.1 MPH)
|
|
Batting: RHB John Doucette
|
0-0: Ball 1-0: Ball 2-0: Fly out, F7 (Flyball, 78D, EV 106.9 MPH)
|
| Top of the 5th over - 0 runs, 0 hits, 0 errors, 0 left on base; Boston (APP) 6 - Texas (APP) 2 |
| BOTTOM OF THE 5TH |
|
Texas (APP) Rangers batting - Pitching for Boston (APP) Red Sox : RHP Jon Olivo
|
|
Batting: LHB Walter Vegter
|
0-0: Ball 1-0: Foul Ball, location: 2F 1-1: Ball 2-1: Swinging Strike 2-2: Ball 3-2: Base on Balls
|
|
Batting: RHB Robby Adair
|
0-0: Ball 1-0: Ball Walter Vegter steals 2nd base (no throw) 2-0: Foul Ball, location: 2F 2-1: Ball 3-1: Base on Balls
|
|
Batting: LHB Tomoya Hashimoto
|
0-0: SINGLE (Line Drive, 78M, EV 101.9 MPH) Walter Vegter to third Robby Adair to second
|
|
Batting: RHB David Redman
|
0-0: Called Strike 0-1: Ball 1-1: Called Strike 1-2: Ball 2-2: Foul Ball, location: 2F 2-2: Foul Ball, location: 2F 2-2: Ball 3-2: Foul Ball, location: 2F 3-2: Fly out, F8 (Flyball, 8RXD, EV 103.1 MPH) Runner from 3rd tags up, SCORES, no throw by CF Robby Adair to third
|
|
Batting: SHB Mark Paquin
|
0-0: Ball 1-0: Foul Ball, location: 2F 1-1: Foul Ball, location: 2F 1-2: Ball 2-2: Strikes out swinging
|
|
Batting: RHB Matt Silva
|
0-0: Ball 1-0: Ball 2-0: Ball 3-0: Called Strike 3-1: Base on Balls Tomoya Hashimoto to second
|
|
Batting: RHB Rafael Tapia
|
0-0: Called Strike 0-1: SINGLE (Groundball, 6MD, EV 103.8 MPH) Robby Adair scores Tomoya Hashimoto to third Matt Silva to second Runner from 3rd tries for Home, SAFE, throw by CF to home
|
|
Batting: RHB Alex Lopez
|
0-0: Ball 1-0: Ball 2-0: Swinging Strike 2-1: Ball 3-1: Base on Balls Matt Silva to third Rafael Tapia to second
|
|
Batting: RHB Alejandro Luna
|
0-0: SINGLE (Groundball, 56D, EV 101.3 MPH) Matt Silva scores Rafael Tapia to third Alex Lopez to second Runner from 3rd tries for Home, SAFE, throw by LF to home
|
|
Pitching: RHP Josh Graham
|
|
|
Batting: LHB Walter Vegter
|
0-0: Called Strike 0-1: Called Strike 0-2: Ball 1-2: Ball 2-2: SINGLE (Line Drive, 34, EV 106.3 MPH) Alex Lopez to third Alejandro Luna to second
|
|
Batting: RHB Robby Adair
|
0-0: Ball 1-0: Fielders Choice at 2nd, 6-4 (Groundball, 6, EV 98.8 MPH)
|
| Bottom of the 5th over - 5 runs, 4 hits, 0 errors, 3 left on base; Boston (APP) 6 - Texas (APP) 7 |
| TOP OF THE 6TH |
|
Boston (APP) Red Sox batting - Pitching for Texas (APP) Rangers : RHP Jaleel Martin
|
|
Batting: LHB Eddie Contreras
|
0-0: Ball 1-0: Ball 2-0: SINGLE (Groundball, 34D, EV 103.1 MPH)
|
|
Batting: RHB Rogelio Cervantes
|
0-0: Ball 1-0: Ground out U3 (Groundball, 3, EV 81.3 MPH) Eddie Contreras to second
|
|
Batting: RHB Joe Booth
|
0-0: Ball 1-0: Called Strike 1-1: Called Strike 1-2: Strikes out swinging
|
|
Batting: LHB Stanislav Parusov
|
0-0: Called Strike 0-1: SINGLE (Groundball, 6MS, EV 63.8 MPH) (infield hit) Eddie Contreras to third
|
|
Batting: RHB Matt Hinkle
|
0-0: Ball 1-0: Called Strike 1-1: Foul Ball, location: 2F 1-2: Ground out 5-3 (Groundball, 56S, EV 72.5 MPH)
|
| Top of the 6th over - 0 runs, 2 hits, 0 errors, 2 left on base; Boston (APP) 6 - Texas (APP) 7 |
| BOTTOM OF THE 6TH |
|
Texas (APP) Rangers batting - Pitching for Boston (APP) Red Sox : RHP Josh Graham
|
|
Batting: LHB Tomoya Hashimoto
|
0-0: Called Strike 0-1: Ball 1-1: Ball 2-1: Fly out, F5 (Popup, 56S, EV 81.3 MPH)
|
|
Batting: RHB David Redman
|
0-0: Foul Ball, location: 2F 0-1: Foul Ball, location: 2F 0-2: Ball 1-2: Foul Ball, location: 2F 1-2: Ball 2-2: Ball 3-2: SINGLE (Flyball, 6D, EV 88.8 MPH)
|
|
Batting: SHB Mark Paquin
|
0-0: Called Strike 0-1: Ball 1-1: Foul Ball, location: 2F 1-2: Ball 2-2: Ball 3-2: Foul Ball, location: 2F 3-2: Grounds into double play, 4-6-3 (Groundball, 4, EV 88.8 MPH)
|
| Bottom of the 6th over - 0 runs, 1 hit, 0 errors, 0 left on base; Boston (APP) 6 - Texas (APP) 7 |
| TOP OF THE 7TH |
|
Boston (APP) Red Sox batting - Pitching for Texas (APP) Rangers : RHP Jaleel Martin
|
|
Now in LF: Jordan Llanes
|
|
|
Batting: RHB Frank Sokolosky
|
0-0: Foul Ball, location: 2F 0-1: Foul Ball, location: 2F 0-2: Foul Ball, location: 2F 0-2: Foul Ball, location: 2F 0-2: Ball 1-2: Fly out, F8 (Line Drive, 8RD, EV 96.3 MPH)
|
|
Pitching: LHP Tony Bravo
|
|
|
Batting: RHB William Lung
|
0-0: Called Strike 0-1: Ball 1-1: Ground out 5-3 (Groundball, 5L, EV 83.1 MPH)
|
|
Batting: LHB Frank Olivo
|
0-0: Foul Ball, location: 2F 0-1: Ball 1-1: Fly out, F9 (Flyball, 9, EV 97.5 MPH)
|
| Top of the 7th over - 0 runs, 0 hits, 0 errors, 0 left on base; Boston (APP) 6 - Texas (APP) 7 |
| BOTTOM OF THE 7TH |
|
Texas (APP) Rangers batting - Pitching for Boston (APP) Red Sox : RHP Josh Graham
|
|
Pitching: RHP Victor Fuentes
|
|
|
Batting: RHB Matt Silva
|
0-0: Ball 1-0: Called Strike 1-1: Called Strike 1-2: Ball 2-2: Ball 3-2: Base on Balls
|
|
Batting: RHB Rafael Tapia
|
0-0: Ball 1-0: TRIPLE (Flyball, 9LD, EV 106.9 MPH) Matt Silva scores
|
|
Batting: RHB Alex Lopez
|
0-0: Called Strike 0-1: Foul Ball, location: 2F 0-2: Ball 1-2: Ground out 4-3 (Groundball, 4, EV 88.8 MPH) Rafael Tapia scores
|
|
Batting: RHB Alejandro Luna
|
0-0: Ball 1-0: Ball 2-0: Ball 3-0: Called Strike 3-1: Called Strike 3-2: Ground out 4-3 (Groundball, 4, EV 98.8 MPH)
|
|
Batting: LHB Walter Vegter
|
0-0: Fly out, F8 (Flyball, 89XD, EV 101.3 MPH)
|
| Bottom of the 7th over - 2 runs, 1 hit, 0 errors, 0 left on base; Boston (APP) 6 - Texas (APP) 9 |
| TOP OF THE 8TH |
|
Boston (APP) Red Sox batting - Pitching for Texas (APP) Rangers : LHP Tony Bravo
|
|
Pitching: RHP Logan Dietz
|
|
|
Batting: RHB John Doucette
|
0-0: Fly out, F6 (Flyball, 56D, EV 81.9 MPH)
|
|
Batting: LHB Eddie Contreras
|
0-0: Ball 1-0: Foul Ball, location: 2F 1-1: Called Strike 1-2: Strikes out looking
|
|
Batting: RHB Rogelio Cervantes
|
0-0: Called Strike 0-1: Swinging Strike 0-2: Ball 1-2: Ball 2-2: Strikes out swinging
|
| Top of the 8th over - 0 runs, 0 hits, 0 errors, 0 left on base; Boston (APP) 6 - Texas (APP) 9 |
| BOTTOM OF THE 8TH |
|
Texas (APP) Rangers batting - Pitching for Boston (APP) Red Sox : RHP Victor Fuentes
|
|
Pitching: RHP Mike Tolley
|
|
|
Batting: RHB Robby Adair
|
0-0: Swinging Strike 0-1: Foul Ball, location: 2F 0-2: Strikes out swinging
|
|
Batting: RHB Jordan Llanes
|
0-0: Ball 1-0: Foul Ball, location: 2F 1-1: Ball 2-1: Swinging Strike 2-2: Strikes out swinging
|
|
Batting: RHB David Redman
|
0-0: Ball 1-0: Called Strike 1-1: Fly out, F9 (Flyball, 89S, EV 85.0 MPH)
|
| Bottom of the 8th over - 0 runs, 0 hits, 0 errors, 0 left on base; Boston (APP) 6 - Texas (APP) 9 |
| TOP OF THE 9TH |
|
Boston (APP) Red Sox batting - Pitching for Texas (APP) Rangers : RHP Logan Dietz
|
|
Batting: RHB Joe Booth
|
0-0: Called Strike 0-1: Ground out 4-3 (Groundball, 4, EV 103.8 MPH)
|
|
Batting: LHB Stanislav Parusov
|
0-0: Swinging Strike 0-1: Ball 1-1: Foul Ball, location: 2F 1-2: Strikes out swinging
|
|
Batting: RHB Matt Hinkle
|
0-0: Ball 1-0: Ball 2-0: Swinging Strike 2-1: Foul Ball, location: 2F 2-2: Strikes out swinging
|
| Top of the 9th over - 0 runs, 0 hits, 0 errors, 0 left on base; Boston (APP) 6 - Texas (APP) 9 |
|